Fort Wayne Komets vs Havana Tropicals
Created - Tuesday, November 14, 2023 at 06:58
Goals
|
| Fort Wayne Komets |
3 |
1 |
1 |
5 |
| Havana Tropicals |
2 |
0 |
1 |
3 |
|
Shots
|
| Fort Wayne Komets |
8 |
14 |
13 |
35 |
| Havana Tropicals |
11 |
14 |
22 |
47 |
|
1st period
1. Havana Tropicals , Teddy Blueger 9 (Philipp Kurashev 22, Emil Bemstrom 32) at 9:36 (PP)
2. Fort Wayne Komets , Alex Steeves 12 (Nick Blankenburg 4) at 9:44
3. Fort Wayne Komets , Juuso Parssinen 17 (William Borgen 18) at 10:03
4. Havana Tropicals , Samuel Blais 28 (Pierre-edouard Bellemare 33) at 10:07
5. Fort Wayne Komets , Juuso Parssinen 18 (Alex Steeves 25) at 16:16
Penalties :
Mattias Norlinder (HAV) for Fighting (Major) at 1:36, Brandon Duhaime (FWK) for Fighting (Major) at 1:36, Brandon Duhaime (FWK) for instigated a fight (Minor) at 1:36, Brandon Duhaime (FWK) for instigated a fight (10 Minutes Misconduct) at 1:36, Zach Whitecloud (HAV) for Slashing (Minor) at 6:40, Brett Murray (FWK) for Hooking (Minor) at 9:24, Teddy Blueger (HAV) for Holding Stick (Minor) at 11:14
2nd period
6. Fort Wayne Komets , Pontus Holmberg 5 (William Borgen 19, Jaret Anderson-Dolan 20) at 15:45
Penalties :
Timothy Liljegren (HAV) for Hooking (Minor) at 0:43, Milan Lucic (HAV) for Fighting (Major) at 16:39, Nathan Bastian (FWK) for Fighting (Major) at 16:39, Milan Lucic (HAV) for instigated a fight (Minor) at 16:39, Milan Lucic (HAV) for instigated a fight (10 Minutes Misconduct) at 16:39
3rd period
7. Fort Wayne Komets , Nils Aman 8 (Juuso Parssinen 35) at 1:14
8. Havana Tropicals , Darren Raddysh 3 (Samuel Blais 22, Dennis Cholowski 11) at 9:43 (PP)
Penalties :
Peetro Seppala (FWK) for Interference (Minor) at 8:59, Tim Berni (FWK) for Roughing (Minor) at 14:16
Goalie Stats
Taylor Gauthier (FWK), 44 saves from 47 shots - (0.936), W, 18-22-2, 60:00 minutes
Arvid Soderblom (HAV), 30 saves from 35 shots - (0.857), L, 23-21-1, 60:00 minutes
Players Stats for Fort Wayne Komets
Player Name G A P +/- PIM S H SB GA TA FO MP PP MP PK MP
------------------------------------------------------------------------------------
Alex Steeves 1 1 2 4 0 2 2 0 0 0 0/1 17:36 1:57 0:36
Brandon Duhaime 0 0 0 0 17 1 0 0 0 1 0/1 8:22 1:39 1:21
Brett Murray 0 0 0 0 2 2 3 0 1 2 0/0 16:38 4:07 0:00
Casey Fitzgerald 0 0 0 1 0 1 0 2 0 0 0/0 20:28 3:47 2:12
Egor Afanasyev 0 0 0 0 0 1 1 0 0 0 0/0 13:56 0:00 0:00
Filip Cederqvist 0 0 0 0 0 1 1 1 0 1 2/2 12:54 0:00 0:00
Henry Rybinski 0 0 0 0 0 1 3 0 0 0 4/9 13:24 0:12 0:00
Jack McBain 0 0 0 0 0 2 0 0 0 0 4/11 13:27 4:18 2:32
Jaret Anderson-Dolan 0 1 1 0 0 6 2 0 7 0 1/1 17:17 3:36 0:00
Juuso Parssinen 2 1 3 4 0 6 1 1 0 0 11/18 19:12 4:30 0:41
Louis Crevier 0 0 0 -1 0 2 0 1 0 1 0/0 16:03 0:00 0:00
Nathan Bastian 0 0 0 0 5 0 2 0 1 0 0/1 11:28 2:47 2:28
Nick Blankenburg 0 1 1 4 0 2 2 3 1 1 0/0 24:39 4:09 3:25
Nils Aman 1 0 1 4 0 3 1 1 0 1 4/6 16:45 0:42 2:10
Peetro Seppala 0 0 0 1 2 0 0 1 0 0 0/0 13:21 0:00 0:00
Pontus Holmberg 1 0 1 0 0 1 0 2 0 0 10/16 13:56 0:00 0:00
Tim Berni 0 0 0 -1 2 1 3 1 1 0 0/0 21:34 3:47 0:57
William Borgen 0 2 2 4 0 3 2 1 0 0 0/0 24:01 4:09 3:14
Players Stats for Havana Tropicals
Player Name G A P +/- PIM S H SB GA TA FO MP PP MP PK MP
------------------------------------------------------------------------------------
Alexander Nylander 0 0 0 -2 0 1 3 1 0 0 1/1 12:57 0:00 0:00
Chris Tierney 0 0 0 0 0 2 0 2 0 0 6/7 16:24 0:00 0:00
Darren Raddysh 1 0 1 -3 0 3 3 2 0 2 0/0 22:17 2:25 4:24
Dennis Cholowski 0 1 1 -3 0 2 1 3 0 0 0/0 22:34 2:25 4:37
Elmer Soderblom 0 0 0 0 0 3 1 0 0 0 0/1 5:43 0:00 0:00
Emil Bemstrom 0 1 1 0 0 4 1 1 1 1 2/4 19:33 2:33 3:58
Henrik Borgstrom 0 0 0 0 0 0 0 0 0 0 0/0 0:34 0:00 0:12
Mattias Norlinder 0 0 0 0 5 0 2 0 0 0 0/0 12:04 0:00 1:43
Milan Lucic 0 0 0 -1 17 0 1 0 0 1 0/2 12:33 1:37 0:00
Nolan Foote 0 0 0 -1 0 2 2 0 0 0 1/3 8:14 0:44 0:21
Pavel Dorofeyev 0 0 0 -2 0 0 1 1 0 0 2/4 12:57 0:00 0:00
Philipp Kurashev 0 1 1 0 0 4 1 1 0 0 6/22 23:25 2:33 3:30
Pierre-edouard Bellemare 0 1 1 -2 0 3 3 1 2 1 12/19 21:14 2:21 4:02
Samuel Blais 1 1 2 -2 0 8 1 0 2 1 0/2 17:28 2:21 0:00
Teddy Blueger 1 0 1 0 2 7 0 0 0 0 0/0 18:15 2:33 2:38
Timothy Liljegren 0 0 0 -1 2 5 1 1 1 3 0/0 25:29 2:29 2:27
Zach Aston-Reese 0 0 0 -2 0 2 2 1 1 1 0/1 14:30 0:00 1:11
Zach Whitecloud 0 0 0 -1 2 1 2 1 0 1 0/0 25:48 2:29 2:41
3 Stars
1 - Juuso Parssinen (FWK)
2 - Alex Steeves (FWK)
3 - William Borgen (FWK)
Power Play
Fort Wayne Komets - 0 on 4 Attempt(s) - 0.00%
Havana Tropicals - 2 on 4 Attempt(s) - 50.00%
Penalty Kill
Fort Wayne Komets - 2 on 4 Attempt(s) - 50.00%
- Score 0 goal in Penalty Kill
Havana Tropicals - 4 on 4 Attempt(s) - 100.00%
- Score 0 goal in Penalty Kill
Team Stat
Fort Wayne Komets - Hits : 23 - Faceoff Wins : 36 - Blocked Shots : 14 - Penalty Minutes : 28
Havana Tropicals - Hits : 25 - Faceoff Wins : 30 - Blocked Shots : 15 - Penalty Minutes : 28
Official
Referees : Chris Rooney and Jon Mclsaac
Linesman : Mike Cvik and Devin Berg
Game Notes
Mattias Norlinder and Brandon Duhaime fight to a draw at 1:36 of 1st period
Nathan Bastian beats up Milan Lucic at 16:39 of 2nd period
Fort Wayne Komets
5 vs 5 Forward
Center Left Wing Right Wing Time % Phy DF OF
1 Juuso Parssinen Alex Steeves Nils Aman 30 0 2 3
2 Henry Rybinski Brett Murray Filip Cederqvist 30 0 2 3
3 Pontus Holmberg Egor Afanasyev Jaret Anderson-Dolan 30 0 2 3
4 Jack McBain Brandon Duhaime Nathan Bastian 10 0 2 3
5 vs 5 Defense
Defense Defense Time % Phy DF OF
1 Nick Blankenburg William Borgen 35 0 2 3
2 Tim Berni Louis Crevier 35 0 2 3
3 Casey Fitzgerald Peetro Seppala 30 0 3 2
4 William Borgen Tim Berni 0 0 2 3
PowerPlay Forward
Center Left Wing Right Wing Time % Phy DF OF
1 Juuso Parssinen Brandon Duhaime Jaret Anderson-Dolan 50 0 1 4
2 Jack McBain Brett Murray Nathan Bastian 50 0 1 4
PowerPlay Defense
Defense Defense Time % Phy DF OF
1 Nick Blankenburg William Borgen 50 0 2 3
2 Tim Berni Casey Fitzgerald 50 0 2 3
Penalty Kill 4 Players Forward
Center Wing Time % Phy DF OF
1 Jack McBain Nathan Bastian 50 0 3 2
2 Nils Aman Brandon Duhaime 50 0 3 2
Penalty Kill 4 Players Defense
Defense Defense Time % Phy DF OF
1 Nick Blankenburg William Borgen 50 0 4 1
2 Tim Berni Casey Fitzgerald 50 0 4 1
Penalty Kill - 3 Players Forward
Forward Time % Phy DF OF
1 Jack McBain 50 0 4 1
2 Nathan Bastian 50 0 4 1
Penalty Kill - 3 Players Defense
Defense Defense Time % Phy DF OF
1 Nick Blankenburg William Borgen 50 0 5 0
2 Tim Berni Casey Fitzgerald 50 0 5 0
4 vs 4 Forward
Center Wing Time % Phy DF OF
1 Juuso Parssinen Alex Steeves 50 0 2 3
2 Henry Rybinski Nils Aman 50 0 2 3
4 vs 4 Defense
Defense Defense Time % Phy DF OF
1 Nick Blankenburg William Borgen 50 0 2 3
2 Tim Berni Louis Crevier 50 0 2 3
Last Minutes Offensive
Center Left Wing Right Wing Defense Defense
Juuso Parssinen Brett Murray Jaret Anderson-Dolan Nick Blankenburg William Borgen
Last Minutes Defensive
Center Left Wing Right Wing Defense Defense
Jack McBain Nils Aman Nathan Bastian Nick Blankenburg William Borgen
Goaltenders
Starting : Taylor Gauthier
Backup : Devin Cooley
Extra Forwards
Normal : Jack McBain, Juuso Parssinen, Jaret Anderson-Dolan - PP : Jack McBain, Juuso Parssinen - PK : Jack McBain
Extra Defensemen
Normal : Nick Blankenburg, William Borgen, Tim Berni - PP : Nick Blankenburg - PK : Nick Blankenburg, William Borgen
Penalty Shots
Alex Steeves, Brett Murray, Jaret Anderson-Dolan, Brandon Duhaime, Jack McBain
Havana Tropicals
5 vs 5 Forward
Center Left Wing Right Wing Time % Phy DF OF
1 Philipp Kurashev Teddy Blueger Emil Bemstrom 30 1 2 2
2 Pierre-edouard Bellemare Samuel Blais Milan Lucic 30 1 2 2
3 Pavel Dorofeyev Zach Aston-Reese Alexander Nylander 25 1 2 2
4 Chris Tierney Elmer Soderblom Philipp Kurashev 15 1 2 2
5 vs 5 Defense
Defense Defense Time % Phy DF OF
1 Timothy Liljegren Zach Whitecloud 30 1 2 2
2 Darren Raddysh Dennis Cholowski 30 1 2 2
3 Mattias Norlinder Chris Tierney 25 1 2 2
4 Timothy Liljegren Zach Whitecloud 15 1 2 2
PowerPlay Forward
Center Left Wing Right Wing Time % Phy DF OF
1 Philipp Kurashev Teddy Blueger Emil Bemstrom 50 1 2 2
2 Pierre-edouard Bellemare Samuel Blais Milan Lucic 50 1 2 2
PowerPlay Defense
Defense Defense Time % Phy DF OF
1 Timothy Liljegren Zach Whitecloud 50 1 2 2
2 Darren Raddysh Dennis Cholowski 50 1 2 2
Penalty Kill 4 Players Forward
Center Wing Time % Phy DF OF
1 Philipp Kurashev Teddy Blueger 50 1 2 2
2 Pierre-edouard Bellemare Emil Bemstrom 50 1 2 2
Penalty Kill 4 Players Defense
Defense Defense Time % Phy DF OF
1 Timothy Liljegren Zach Whitecloud 50 1 2 2
2 Darren Raddysh Dennis Cholowski 50 1 2 2
Penalty Kill - 3 Players Forward
Forward Time % Phy DF OF
1 Philipp Kurashev 50 1 2 2
2 Teddy Blueger 50 1 2 2
Penalty Kill - 3 Players Defense
Defense Defense Time % Phy DF OF
1 Timothy Liljegren Zach Whitecloud 50 1 2 2
2 Darren Raddysh Dennis Cholowski 50 1 2 2
4 vs 4 Forward
Center Wing Time % Phy DF OF
1 Philipp Kurashev Teddy Blueger 50 1 2 2
2 Pierre-edouard Bellemare Emil Bemstrom 50 1 2 2
4 vs 4 Defense
Defense Defense Time % Phy DF OF
1 Timothy Liljegren Zach Whitecloud 50 1 2 2
2 Darren Raddysh Dennis Cholowski 50 1 2 2
Last Minutes Offensive
Center Left Wing Right Wing Defense Defense
Philipp Kurashev Teddy Blueger Emil Bemstrom Timothy Liljegren Zach Whitecloud
Last Minutes Defensive
Center Left Wing Right Wing Defense Defense
Philipp Kurashev Teddy Blueger Emil Bemstrom Timothy Liljegren Zach Whitecloud
Goaltenders
Starting : Arvid Soderblom
Backup : Eric Comrie
Extra Forwards
Normal : Nolan Foote, Henrik Borgstrom, Zach Aston-Reese - PP : Nolan Foote, Henrik Borgstrom - PK : Zach Aston-Reese
Extra Defensemen
Normal : Mattias Norlinder, Darren Raddysh, Dennis Cholowski - PP : Mattias Norlinder - PK : Darren Raddysh, Dennis Cholowski
Penalty Shots
Philipp Kurashev, Teddy Blueger, Pierre-edouard Bellemare, Emil Bemstrom, Samuel Blais
% Time on Ice - Fort Wayne Komets
Lines # - Real PCT - Wanted PCT - Time Play
Normal Forward
1 - 29% - 30% - 13:32
2 - 28% - 30% - 13:22
3 - 30% - 30% - 13:56
4 - 13% - 10% - 6:20
Normal Defense
1 - 35% - 35% - 16:38
2 - 36% - 35% - 17:10
3 - 28% - 30% - 13:22
4 - 0% - 0% - 0:00
PP Forward
1 - 50% - 50% - 3:58
2 - 50% - 50% - 3:58
PP Defense
1 - 52% - 50% - 4:09
2 - 48% - 50% - 3:47
PK Forward
1 - 50% - 50% - 2:28
2 - 50% - 50% - 2:26
PK Defense
1 - 55% - 50% - 2:42
2 - 45% - 50% - 2:12
PK3 Forward
1 - 0% - 50%
2 - 0% - 50%
PK3 Defense
1 - 0% - 50%
2 - 0% - 50%
44 Forward
1 - 0% - 50%
2 - 0% - 50%
44 Defense
1 - 0% - 50%
2 - 0% - 50%
Last Minute Offensive - 0:00
Last Minute Defensive - 0:00
Total
Forward - 60:00
Defense - 60:00
|
% Time on Ice - Havana Tropicals
Lines # - Real PCT - Wanted PCT - Time Play
Normal Forward
1 - 28% - 30% - 13:20
2 - 32% - 30% - 15:10
3 - 27% - 25% - 12:57
4 - 12% - 15% - 5:43
Normal Defense
1 - 31% - 30% - 14:47
2 - 31% - 30% - 14:39
3 - 27% - 25% - 12:35
4 - 11% - 15% - 5:09
PP Forward
1 - 52% - 50% - 2:33
2 - 48% - 50% - 2:21
PP Defense
1 - 51% - 50% - 2:29
2 - 49% - 50% - 2:25
PK Forward
1 - 49% - 50% - 3:51
2 - 51% - 50% - 4:05
PK Defense
1 - 49% - 50% - 3:54
2 - 51% - 50% - 4:02
PK3 Forward
1 - 0% - 50%
2 - 0% - 50%
PK3 Defense
1 - 0% - 50%
2 - 0% - 50%
44 Forward
1 - 0% - 50%
2 - 0% - 50%
44 Defense
1 - 0% - 50%
2 - 0% - 50%
Last Minute Offensive - 0:00
Last Minute Defensive - 0:00
Total
Forward - 60:00
Defense - 60:00
|
Play-by-Play
1st period
0:01 of 1st period - Juuso Parssinen wins face-off versus Philipp Kurashev in neutral zone.
1:16 of 1st period - Icing by Alexander Nylander.
1:17 of 1st period - Jack McBain wins face-off versus Zach Aston-Reese in Havana Tropicals zone.
1:20 of 1st period - Wrist shot by Nathan Bastian.
1:20 of 1st period - Shot Misses the Net.
1:36 of 1st period - Mattias Norlinder and Brandon Duhaime fight to a draw.
1:36 of 1st period - Penalty to Mattias Norlinder for Fighting.
1:36 of 1st period - Penalty to Brandon Duhaime for Fighting.
1:36 of 1st period - Penalty to Brandon Duhaime for instigated a fight.
1:36 of 1st period - Penalty to Brandon Duhaime for instigated a fight.
1:37 of 1st period - Jack McBain wins face-off versus Philipp Kurashev in Havana Tropicals zone.
2:02 of 1st period - Pierre-edouard Bellemare is hit by Nick Blankenburg and loses puck.
3:36 of 1st period - Penalty to Brandon Duhaime is over, Juuso Parssinen is send on ice.
3:52 of 1st period - Snap shot by Nils Aman.
3:52 of 1st period - Shot Misses the Net.
3:58 of 1st period - Tim Berni is hit by Alexander Nylander and loses puck.
4:13 of 1st period - Timothy Liljegren is hit by Brett Murray and loses puck.
4:20 of 1st period - Brett Murray is hit by Elmer Soderblom and loses puck.
5:59 of 1st period - Icing by Dennis Cholowski.
6:00 of 1st period - Filip Cederqvist wins face-off versus Nolan Foote in Havana Tropicals zone.
6:09 of 1st period - Snap shot by Brett Murray.
6:09 of 1st period - Stopped by Arvid Soderblom with a rebound.
6:40 of 1st period - Minor Penalty to Zach Whitecloud for Slashing.
6:41 of 1st period - Juuso Parssinen wins face-off versus Philipp Kurashev in Havana Tropicals zone.
8:05 of 1st period - Slapshot by Brett Murray.
8:05 of 1st period - Shot Blocked by Pierre-edouard Bellemare.
8:40 of 1st period - Penalty to Zach Whitecloud is over, Zach Whitecloud is back on ice.
8:58 of 1st period - Brett Murray is hit by Milan Lucic and loses puck.
9:13 of 1st period - Brett Murray is hit by Timothy Liljegren and loses puck.
9:24 of 1st period - Minor Penalty to Brett Murray for Hooking.
9:25 of 1st period - Philipp Kurashev wins face-off versus Jack McBain in Fort Wayne Komets zone.
9:32 of 1st period - Slapshot by Philipp Kurashev.
9:32 of 1st period - Stopped by Taylor Gauthier with a rebound.
9:34 of 1st period - Wrist shot by Teddy Blueger.
9:34 of 1st period - Stopped by Taylor Gauthier with a rebound.
9:36 of 1st period - Snap shot by Teddy Blueger.
9:36 of 1st period - Goal by Teddy Blueger - Fort Wayne Komets : 0 - Havana Tropicals : 1.
9:37 of 1st period - Pierre-edouard Bellemare wins face-off versus Juuso Parssinen in neutral zone.
9:44 of 1st period - Wrist shot by Alex Steeves.
9:44 of 1st period - Goal by Alex Steeves - Fort Wayne Komets : 1 - Havana Tropicals : 1.
9:45 of 1st period - Juuso Parssinen wins face-off versus Pierre-edouard Bellemare in neutral zone.
9:50 of 1st period - Wrist shot by Nils Aman.
9:50 of 1st period - Deflect By Juuso Parssinen.
9:50 of 1st period - Stopped by Arvid Soderblom without a rebound.
9:51 of 1st period - Pierre-edouard Bellemare wins face-off versus Alex Steeves in Havana Tropicals zone.
10:01 of 1st period - Slapshot by Juuso Parssinen.
10:01 of 1st period - Shot Hit the Post.
10:03 of 1st period - Wrist shot by Juuso Parssinen.
10:03 of 1st period - Goal by Juuso Parssinen - Fort Wayne Komets : 2 - Havana Tropicals : 1.
10:04 of 1st period - Pierre-edouard Bellemare wins face-off versus Pontus Holmberg in neutral zone.
10:07 of 1st period - Snap shot by Samuel Blais.
10:07 of 1st period - Goal by Samuel Blais - Fort Wayne Komets : 2 - Havana Tropicals : 2.
10:08 of 1st period - Pontus Holmberg wins face-off versus Philipp Kurashev in neutral zone.
10:42 of 1st period - Milan Lucic is hit by Nils Aman.
10:52 of 1st period - Henry Rybinski is hit by Pavel Dorofeyev and loses puck.
10:59 of 1st period - Slapshot by Alexander Nylander.
10:59 of 1st period - Shot Misses the Net.
11:01 of 1st period - Slapshot by Chris Tierney.
11:01 of 1st period - Deflect By Alexander Nylander.
11:01 of 1st period - Shot Blocked by Tim Berni.
11:01 of 1st period - Puck is out of play.
11:02 of 1st period - Pontus Holmberg wins face-off versus Philipp Kurashev in Fort Wayne Komets zone.
11:14 of 1st period - Minor Penalty to Teddy Blueger for Holding Stick.
11:15 of 1st period - Emil Bemstrom wins face-off versus Nathan Bastian in Havana Tropicals zone.
11:15 of 1st period - Emil Bemstrom is hit by Brett Murray.
11:34 of 1st period - Pierre-edouard Bellemare is hit by Brett Murray and loses puck.
12:17 of 1st period - Juuso Parssinen is hit by Pierre-edouard Bellemare and loses puck.
12:36 of 1st period - Nick Blankenburg is hit by Darren Raddysh and loses puck.
13:14 of 1st period - Penalty to Teddy Blueger is over, Teddy Blueger is back on ice.
13:27 of 1st period - Snap shot by Samuel Blais.
13:27 of 1st period - Stopped by Taylor Gauthier with a rebound.
13:43 of 1st period - Slapshot by Zach Aston-Reese.
13:43 of 1st period - Shot Misses the Net.
14:09 of 1st period - Tim Berni is hit by Dennis Cholowski and loses puck.
14:34 of 1st period - Slapshot by Samuel Blais.
14:34 of 1st period - Stopped by Taylor Gauthier with a rebound.
14:58 of 1st period - Snap shot by Teddy Blueger.
14:58 of 1st period - Stopped by Taylor Gauthier without a rebound.
14:59 of 1st period - Pontus Holmberg wins face-off versus Nolan Foote in Fort Wayne Komets zone.
16:10 of 1st period - Off-side.
16:11 of 1st period - Juuso Parssinen wins face-off versus Pavel Dorofeyev in neutral zone.
16:16 of 1st period - Snap shot by Juuso Parssinen.
16:16 of 1st period - Goal by Juuso Parssinen - Fort Wayne Komets : 3 - Havana Tropicals : 2.
16:17 of 1st period - Philipp Kurashev wins face-off versus Juuso Parssinen in neutral zone.
16:22 of 1st period - Wrist shot by Philipp Kurashev.
16:22 of 1st period - Stopped by Taylor Gauthier with a rebound.
16:36 of 1st period - 10 Minutes Misconduct Penalty to Brandon Duhaime is over.
16:47 of 1st period - Nick Blankenburg is hit by Pierre-edouard Bellemare and loses puck.
17:06 of 1st period - Wrist shot by Nick Blankenburg.
17:06 of 1st period - Stopped by Arvid Soderblom with a rebound.
17:08 of 1st period - Wrist shot by Filip Cederqvist.
17:08 of 1st period - Shot Misses the Net.
17:10 of 1st period - Wrist shot by Filip Cederqvist.
17:10 of 1st period - Shot Misses the Net.
17:12 of 1st period - Slapshot by William Borgen.
17:12 of 1st period - Stopped by Arvid Soderblom without a rebound.
17:13 of 1st period - Juuso Parssinen wins face-off versus Philipp Kurashev in Havana Tropicals zone.
17:28 of 1st period - Wrist shot by Juuso Parssinen.
17:28 of 1st period - Stopped by Arvid Soderblom with a rebound.
18:35 of 1st period - Slapshot by Samuel Blais.
18:35 of 1st period - Stopped by Taylor Gauthier without a rebound.
18:36 of 1st period - Pierre-edouard Bellemare wins face-off versus Juuso Parssinen in Fort Wayne Komets zone.
18:39 of 1st period - Wrist shot by Samuel Blais.
18:39 of 1st period - Shot Misses the Net.
18:51 of 1st period - Wrist shot by Samuel Blais.
18:51 of 1st period - Stopped by Taylor Gauthier with a rebound.
19:16 of 1st period - Snap shot by Nils Aman.
19:16 of 1st period - Shot Blocked by Dennis Cholowski.
19:18 of 1st period - Snap shot by Alex Steeves.
19:18 of 1st period - Shot Blocked by Dennis Cholowski.
19:20 of 1st period - Snap shot by Nils Aman.
19:20 of 1st period - Deflect By Pavel Dorofeyev.
19:20 of 1st period - Shot Blocked by Darren Raddysh.
19:20 of 1st period - Puck is out of play.
19:21 of 1st period - Chris Tierney wins face-off versus Henry Rybinski in Havana Tropicals zone.
19:28 of 1st period - Slapshot by Timothy Liljegren.
19:28 of 1st period - Deflect By Philipp Kurashev.
19:28 of 1st period - Shot Misses the Net.
19:28 of 1st period - Puck is out of play.
19:29 of 1st period - Chris Tierney wins face-off versus Henry Rybinski in Fort Wayne Komets zone.
19:56 of 1st period - Snap shot by Samuel Blais.
19:56 of 1st period - Stopped by Taylor Gauthier without a rebound.
19:57 of 1st period - Pontus Holmberg wins face-off versus Samuel Blais in Fort Wayne Komets zone.
Goals for this period are 3 for Fort Wayne Komets vs 2 for Havana Tropicals.
Shots for this period are 8 for Fort Wayne Komets vs 11 for Havana Tropicals.
2nd period
0:01 of 2nd period - Juuso Parssinen wins face-off versus Philipp Kurashev in neutral zone.
0:06 of 2nd period - Slapshot by Philipp Kurashev.
0:06 of 2nd period - Stopped by Taylor Gauthier with a rebound.
0:08 of 2nd period - Slapshot by Emil Bemstrom.
0:08 of 2nd period - Stopped by Taylor Gauthier with a rebound.
0:10 of 2nd period - Slapshot by Zach Whitecloud.
0:10 of 2nd period - Shot Misses the Net.
0:12 of 2nd period - Snap shot by Emil Bemstrom.
0:12 of 2nd period - Stopped by Taylor Gauthier with a rebound.
0:14 of 2nd period - Snap shot by Emil Bemstrom.
0:14 of 2nd period - Stopped by Taylor Gauthier with a rebound.
0:16 of 2nd period - Snap shot by Teddy Blueger.
0:16 of 2nd period - Stopped by Taylor Gauthier with a rebound.
0:26 of 2nd period - Zach Whitecloud is hit by Tim Berni and loses puck.
0:43 of 2nd period - Minor Penalty to Timothy Liljegren for Hooking.
0:44 of 2nd period - Jack McBain wins face-off versus Pierre-edouard Bellemare in Havana Tropicals zone.
2:19 of 2nd period - Zach Whitecloud is hit by Nathan Bastian and loses puck.
2:43 of 2nd period - Penalty to Timothy Liljegren is over, Timothy Liljegren is back on ice.
2:58 of 2nd period - Wrist shot by Alex Steeves.
2:58 of 2nd period - Shot Misses the Net.
3:00 of 2nd period - Slapshot by William Borgen.
3:00 of 2nd period - Deflect By Filip Cederqvist.
3:00 of 2nd period - Shot Blocked by Zach Aston-Reese.
3:00 of 2nd period - Puck is out of play.
3:01 of 2nd period - Nolan Foote wins face-off versus Henry Rybinski in Havana Tropicals zone.
4:13 of 2nd period - Henry Rybinski is hit by Zach Whitecloud and loses puck.
4:32 of 2nd period - Peetro Seppala is hit by Zach Aston-Reese and loses puck.
6:04 of 2nd period - Pontus Holmberg is hit by Nolan Foote and loses puck.
6:30 of 2nd period - Snap shot by Jaret Anderson-Dolan.
6:30 of 2nd period - Shot Blocked by Timothy Liljegren.
6:34 of 2nd period - Wrist shot by Jaret Anderson-Dolan.
6:34 of 2nd period - Stopped by Arvid Soderblom with a rebound.
6:36 of 2nd period - Slapshot by Louis Crevier.
6:36 of 2nd period - Shot Misses the Net.
7:02 of 2nd period - Chris Tierney is hit by Alex Steeves and loses puck.
8:06 of 2nd period - Snap shot by Alex Steeves.
8:06 of 2nd period - Deflect By Nils Aman.
8:06 of 2nd period - Shot Misses the Net.
8:06 of 2nd period - Puck is out of play.
8:07 of 2nd period - Henry Rybinski wins face-off versus Philipp Kurashev in Havana Tropicals zone.
8:08 of 2nd period - Snap shot by Brett Murray.
8:08 of 2nd period - Shot Misses the Net.
8:14 of 2nd period - Philipp Kurashev is hit by William Borgen and loses puck.
9:49 of 2nd period - Chris Tierney is hit by Nathan Bastian and loses puck.
10:39 of 2nd period - Snap shot by Alex Steeves.
10:39 of 2nd period - Shot Blocked by Emil Bemstrom.
10:54 of 2nd period - Icing by Jaret Anderson-Dolan.
10:55 of 2nd period - Pavel Dorofeyev wins face-off versus Pontus Holmberg in Fort Wayne Komets zone.
11:02 of 2nd period - Wrist shot by Zach Aston-Reese.
11:02 of 2nd period - Shot Blocked by Casey Fitzgerald.
11:08 of 2nd period - Snap shot by Pierre-edouard Bellemare.
11:08 of 2nd period - Shot Misses the Net.
11:10 of 2nd period - Slapshot by Timothy Liljegren.
11:10 of 2nd period - Stopped by Taylor Gauthier without a rebound.
11:11 of 2nd period - Juuso Parssinen wins face-off versus Philipp Kurashev in Fort Wayne Komets zone.
11:22 of 2nd period - Snap shot by Alex Steeves.
11:22 of 2nd period - Deflect By Juuso Parssinen.
11:22 of 2nd period - Stopped by Arvid Soderblom without a rebound.
11:23 of 2nd period - Juuso Parssinen wins face-off versus Philipp Kurashev in Havana Tropicals zone.
11:26 of 2nd period - Slapshot by Juuso Parssinen.
11:26 of 2nd period - Shot Blocked by Philipp Kurashev.
11:28 of 2nd period - Wrist shot by Juuso Parssinen.
11:28 of 2nd period - Shot Misses the Net.
11:30 of 2nd period - Slapshot by Louis Crevier.
11:30 of 2nd period - Shot Blocked by Zach Whitecloud.
11:38 of 2nd period - Slapshot by Timothy Liljegren.
11:38 of 2nd period - Stopped by Taylor Gauthier without a rebound.
11:39 of 2nd period - Henry Rybinski wins face-off versus Milan Lucic in Fort Wayne Komets zone.
11:44 of 2nd period - Timothy Liljegren is hit by Henry Rybinski and loses puck.
13:12 of 2nd period - Off-side.
13:13 of 2nd period - Pierre-edouard Bellemare wins face-off versus Henry Rybinski in neutral zone.
13:41 of 2nd period - Slapshot by Nick Blankenburg.
13:41 of 2nd period - Stopped by Arvid Soderblom with a rebound.
13:43 of 2nd period - Snap shot by Henry Rybinski.
13:43 of 2nd period - Stopped by Arvid Soderblom with a rebound.
13:45 of 2nd period - Snap shot by William Borgen.
13:45 of 2nd period - Deflect By Milan Lucic.
13:45 of 2nd period - Stopped by Arvid Soderblom without a rebound.
13:46 of 2nd period - Nils Aman wins face-off versus Philipp Kurashev in Havana Tropicals zone.
13:53 of 2nd period - Snap shot by Nils Aman.
13:53 of 2nd period - Stopped by Arvid Soderblom with a rebound.
13:55 of 2nd period - Wrist shot by Juuso Parssinen.
13:55 of 2nd period - Shot Misses the Net.
13:57 of 2nd period - Backhand shot by Louis Crevier.
13:57 of 2nd period - Stopped by Arvid Soderblom with a rebound.
13:59 of 2nd period - Slapshot by Louis Crevier.
13:59 of 2nd period - Stopped by Arvid Soderblom with a rebound.
14:01 of 2nd period - Slapshot by Tim Berni.
14:01 of 2nd period - Stopped by Arvid Soderblom with a rebound.
14:15 of 2nd period - Off-side.
14:16 of 2nd period - Pavel Dorofeyev wins face-off versus Pontus Holmberg in neutral zone.
14:19 of 2nd period - Snap shot by Zach Aston-Reese.
14:19 of 2nd period - Stopped by Taylor Gauthier with a rebound.
14:31 of 2nd period - Slapshot by Pavel Dorofeyev.
14:31 of 2nd period - Shot Misses the Net.
14:43 of 2nd period - Alex Steeves is hit by Philipp Kurashev and loses puck.
14:48 of 2nd period - Wrist shot by Emil Bemstrom.
14:48 of 2nd period - Deflect By Philipp Kurashev.
14:48 of 2nd period - Shot Blocked by Nick Blankenburg.
14:48 of 2nd period - Puck is out of play.
14:49 of 2nd period - Chris Tierney wins face-off versus Juuso Parssinen in Fort Wayne Komets zone.
14:50 of 2nd period - Slapshot by Elmer Soderblom.
14:50 of 2nd period - Stopped by Taylor Gauthier with a rebound.
14:52 of 2nd period - Snap shot by Elmer Soderblom.
14:52 of 2nd period - Shot Misses the Net.
14:54 of 2nd period - Slapshot by Chris Tierney.
14:54 of 2nd period - Shot Misses the Net.
14:56 of 2nd period - Wrist shot by Chris Tierney.
14:56 of 2nd period - Deflect By Elmer Soderblom.
14:56 of 2nd period - Stopped by Taylor Gauthier with a rebound.
14:58 of 2nd period - Slapshot by Timothy Liljegren.
14:58 of 2nd period - Shot Misses the Net.
15:00 of 2nd period - Wrist shot by Elmer Soderblom.
15:00 of 2nd period - Stopped by Taylor Gauthier with a rebound.
15:04 of 2nd period - Snap shot by Philipp Kurashev.
15:04 of 2nd period - Shot Hit the Post.
15:14 of 2nd period - Samuel Blais is hit by Henry Rybinski and loses puck.
15:29 of 2nd period - Wrist shot by Zach Aston-Reese.
15:29 of 2nd period - Stopped by Taylor Gauthier with a rebound.
15:31 of 2nd period - Slapshot by Zach Whitecloud.
15:31 of 2nd period - Deflect By Alexander Nylander.
15:31 of 2nd period - Shot Blocked by Filip Cederqvist.
15:31 of 2nd period - Puck is out of play.
15:32 of 2nd period - Pontus Holmberg wins face-off versus Pavel Dorofeyev in Fort Wayne Komets zone.
15:39 of 2nd period - Snap shot by Jaret Anderson-Dolan.
15:39 of 2nd period - Stopped by Arvid Soderblom with a rebound.
15:41 of 2nd period - Slapshot by William Borgen.
15:41 of 2nd period - Deflect By Alexander Nylander.
15:41 of 2nd period - Stopped by Arvid Soderblom with a rebound.
15:43 of 2nd period - Slapshot by William Borgen.
15:43 of 2nd period - Shot Misses the Net.
15:45 of 2nd period - Slapshot by Pontus Holmberg.
15:45 of 2nd period - Goal by Pontus Holmberg - Fort Wayne Komets : 4 - Havana Tropicals : 2.
15:46 of 2nd period - Juuso Parssinen wins face-off versus Philipp Kurashev in neutral zone.
15:49 of 2nd period - Philipp Kurashev is hit by Juuso Parssinen and loses puck.
16:05 of 2nd period - Zach Whitecloud is hit by Tim Berni.
16:21 of 2nd period - Milan Lucic is hit by Tim Berni and loses puck.
16:39 of 2nd period - Nathan Bastian beats up Milan Lucic.
16:39 of 2nd period - Penalty to Milan Lucic for Fighting.
16:39 of 2nd period - Penalty to Nathan Bastian for Fighting.
16:39 of 2nd period - Penalty to Milan Lucic for instigated a fight.
16:39 of 2nd period - Penalty to Milan Lucic for instigated a fight.
16:40 of 2nd period - Pierre-edouard Bellemare wins face-off versus Jack McBain in Havana Tropicals zone.
16:45 of 2nd period - Snap shot by Juuso Parssinen.
16:45 of 2nd period - Shot Misses the Net.
16:47 of 2nd period - Wrist shot by Juuso Parssinen.
16:47 of 2nd period - Deflect By Emil Bemstrom.
16:47 of 2nd period - Stopped by Arvid Soderblom with a rebound.
16:49 of 2nd period - Slapshot by Casey Fitzgerald.
16:49 of 2nd period - Deflect By Juuso Parssinen.
16:49 of 2nd period - Shot Misses the Net.
16:49 of 2nd period - Puck is out of play.
16:50 of 2nd period - Pierre-edouard Bellemare wins face-off versus Jack McBain in Havana Tropicals zone.
16:59 of 2nd period - Snap shot by Tim Berni.
16:59 of 2nd period - Shot Blocked by Dennis Cholowski.
17:01 of 2nd period - Wrist shot by Jack McBain.
17:01 of 2nd period - Stopped by Arvid Soderblom without a rebound.
17:02 of 2nd period - Philipp Kurashev wins face-off versus Jack McBain in Havana Tropicals zone.
17:11 of 2nd period - Snap shot by Emil Bemstrom.
17:11 of 2nd period - Stopped by Taylor Gauthier without a rebound.
17:12 of 2nd period - Pierre-edouard Bellemare wins face-off versus Jack McBain in Fort Wayne Komets zone.
17:23 of 2nd period - Snap shot by Pierre-edouard Bellemare.
17:23 of 2nd period - Stopped by Taylor Gauthier with a rebound.
17:25 of 2nd period - Backhand shot by Dennis Cholowski.
17:25 of 2nd period - Shot Misses the Net.
18:39 of 2nd period - Penalty to Milan Lucic is over, Zach Aston-Reese is send on ice.
19:03 of 2nd period - Henry Rybinski is hit by Mattias Norlinder and loses puck.
Goals for this period are 1 for Fort Wayne Komets vs 0 for Havana Tropicals.
Shots for this period are 14 for Fort Wayne Komets vs 14 for Havana Tropicals.
3rd period
0:01 of 3rd period - Juuso Parssinen wins face-off versus Philipp Kurashev in neutral zone.
0:03 of 3rd period - Casey Fitzgerald is hit by Emil Bemstrom and loses puck.
0:09 of 3rd period - Backhand shot by Alex Steeves.
0:09 of 3rd period - Shot Misses the Net.
0:11 of 3rd period - Snap shot by Casey Fitzgerald.
0:11 of 3rd period - Deflect By Juuso Parssinen.
0:11 of 3rd period - Shot Misses the Net.
0:11 of 3rd period - Puck is out of play.
0:12 of 3rd period - Philipp Kurashev wins face-off versus Juuso Parssinen in Havana Tropicals zone.
0:27 of 3rd period - Slapshot by Timothy Liljegren.
0:27 of 3rd period - Stopped by Taylor Gauthier with a rebound.
0:43 of 3rd period - Wrist shot by Jaret Anderson-Dolan.
0:43 of 3rd period - Deflect By Egor Afanasyev.
0:43 of 3rd period - Shot Misses the Net.
0:43 of 3rd period - Puck is out of play.
0:44 of 3rd period - Filip Cederqvist wins face-off versus Elmer Soderblom in Havana Tropicals zone.
1:09 of 3rd period - Pierre-edouard Bellemare is hit by Alex Steeves and loses puck.
1:14 of 3rd period - Snap shot by Nils Aman.
1:14 of 3rd period - Goal by Nils Aman - Fort Wayne Komets : 5 - Havana Tropicals : 2.
1:15 of 3rd period - Pontus Holmberg wins face-off versus Emil Bemstrom in neutral zone.
1:42 of 3rd period - Snap shot by Brett Murray.
1:42 of 3rd period - Stopped by Arvid Soderblom without a rebound.
1:43 of 3rd period - Pierre-edouard Bellemare wins face-off versus Henry Rybinski in Havana Tropicals zone.
1:50 of 3rd period - Snap shot by Samuel Blais.
1:50 of 3rd period - Stopped by Taylor Gauthier without a rebound.
1:51 of 3rd period - Pierre-edouard Bellemare wins face-off versus Nils Aman in Fort Wayne Komets zone.
2:19 of 3rd period - Slapshot by Jaret Anderson-Dolan.
2:19 of 3rd period - Stopped by Arvid Soderblom with a rebound.
2:41 of 3rd period - Wrist shot by Brett Murray.
2:41 of 3rd period - Shot Misses the Net.
2:43 of 3rd period - Wrist shot by Casey Fitzgerald.
2:43 of 3rd period - Shot Misses the Net.
2:45 of 3rd period - Slapshot by Casey Fitzgerald.
2:45 of 3rd period - Stopped by Arvid Soderblom with a rebound.
2:47 of 3rd period - Slapshot by Casey Fitzgerald.
2:47 of 3rd period - Shot Blocked by Darren Raddysh.
3:43 of 3rd period - Zach Aston-Reese is hit by Jaret Anderson-Dolan and loses puck.
3:50 of 3rd period - Jaret Anderson-Dolan is hit by Alexander Nylander.
4:04 of 3rd period - Wrist shot by Teddy Blueger.
4:04 of 3rd period - Stopped by Taylor Gauthier without a rebound.
4:05 of 3rd period - Philipp Kurashev wins face-off versus Juuso Parssinen in Fort Wayne Komets zone.
4:06 of 3rd period - Wrist shot by Emil Bemstrom.
4:06 of 3rd period - Shot Misses the Net.
4:31 of 3rd period - Slapshot by Mattias Norlinder.
4:31 of 3rd period - Shot Blocked by Nick Blankenburg.
4:33 of 3rd period - Slapshot by Chris Tierney.
4:33 of 3rd period - Stopped by Taylor Gauthier without a rebound.
4:34 of 3rd period - Henry Rybinski wins face-off versus Samuel Blais in Fort Wayne Komets zone.
4:47 of 3rd period - Snap shot by Samuel Blais.
4:47 of 3rd period - Shot Blocked by Peetro Seppala.
4:59 of 3rd period - Pavel Dorofeyev is hit by Jaret Anderson-Dolan and loses puck.
6:08 of 3rd period - Slapshot by Brett Murray.
6:08 of 3rd period - Shot Misses the Net.
6:22 of 3rd period - Slapshot by Timothy Liljegren.
6:22 of 3rd period - Stopped by Taylor Gauthier without a rebound.
6:23 of 3rd period - Chris Tierney wins face-off versus Pontus Holmberg in Fort Wayne Komets zone.
6:28 of 3rd period - Wrist shot by Philipp Kurashev.
6:28 of 3rd period - Shot Misses the Net.
6:48 of 3rd period - Alex Steeves is hit by Nolan Foote and loses puck.
6:57 of 3rd period - Nils Aman is hit by Darren Raddysh and loses puck.
7:55 of 3rd period - Pontus Holmberg is hit by Zach Whitecloud and loses puck.
8:18 of 3rd period - Alex Steeves is hit by Mattias Norlinder and loses puck.
8:35 of 3rd period - Wrist shot by Brett Murray.
8:35 of 3rd period - Shot Misses the Net.
8:37 of 3rd period - Wrist shot by Filip Cederqvist.
8:37 of 3rd period - Stopped by Arvid Soderblom without a rebound.
8:38 of 3rd period - Pierre-edouard Bellemare wins face-off versus Juuso Parssinen in Havana Tropicals zone.
8:49 of 3rd period - Slapshot by Samuel Blais.
8:49 of 3rd period - Shot Misses the Net.
8:51 of 3rd period - Slapshot by Dennis Cholowski.
8:51 of 3rd period - Shot Misses the Net.
8:53 of 3rd period - Snap shot by Samuel Blais.
8:53 of 3rd period - Shot Misses the Net.
8:59 of 3rd period - Minor Penalty to Peetro Seppala for Interference.
9:00 of 3rd period - Nils Aman wins face-off versus Pierre-edouard Bellemare in Fort Wayne Komets zone.
9:09 of 3rd period - Snap shot by Nolan Foote.
9:09 of 3rd period - Stopped by Taylor Gauthier without a rebound.
9:10 of 3rd period - Pierre-edouard Bellemare wins face-off versus Nils Aman in Fort Wayne Komets zone.
9:15 of 3rd period - Snap shot by Samuel Blais.
9:15 of 3rd period - Shot Misses the Net.
9:17 of 3rd period - Slapshot by Darren Raddysh.
9:17 of 3rd period - Stopped by Taylor Gauthier with a rebound.
9:39 of 3rd period - Snap shot by Samuel Blais.
9:39 of 3rd period - Shot Misses the Net.
9:41 of 3rd period - Backhand shot by Darren Raddysh.
9:41 of 3rd period - Shot Misses the Net.
9:43 of 3rd period - Slapshot by Darren Raddysh.
9:43 of 3rd period - Goal by Darren Raddysh - Fort Wayne Komets : 5 - Havana Tropicals : 3.
9:44 of 3rd period - Pontus Holmberg wins face-off versus Philipp Kurashev in neutral zone.
10:09 of 3rd period - Pierre-edouard Bellemare is hit by William Borgen.
11:29 of 3rd period - Juuso Parssinen is hit by Samuel Blais and loses puck.
11:36 of 3rd period - Snap shot by Samuel Blais.
11:36 of 3rd period - Shot Misses the Net.
11:38 of 3rd period - Wrist shot by Nolan Foote.
11:38 of 3rd period - Stopped by Taylor Gauthier with a rebound.
11:39 of 3rd period - 10 Minutes Misconduct Penalty to Milan Lucic is over.
11:42 of 3rd period - Slapshot by Nolan Foote.
11:42 of 3rd period - Shot Blocked by Juuso Parssinen.
11:56 of 3rd period - Brett Murray is hit by Zach Aston-Reese.
12:00 of 3rd period - Wrist shot by Alexander Nylander.
12:00 of 3rd period - Stopped by Taylor Gauthier without a rebound.
12:01 of 3rd period - Pontus Holmberg wins face-off versus Pierre-edouard Bellemare in Fort Wayne Komets zone.
12:01 of 3rd period - Pontus Holmberg is hit by Darren Raddysh.
12:08 of 3rd period - Snap shot by Pierre-edouard Bellemare.
12:08 of 3rd period - Stopped by Taylor Gauthier with a rebound.
12:10 of 3rd period - Slapshot by Dennis Cholowski.
12:10 of 3rd period - Stopped by Taylor Gauthier with a rebound.
12:12 of 3rd period - Slapshot by Dennis Cholowski.
12:12 of 3rd period - Stopped by Taylor Gauthier with a rebound.
12:14 of 3rd period - Slapshot by Pierre-edouard Bellemare.
12:14 of 3rd period - Stopped by Taylor Gauthier with a rebound.
12:16 of 3rd period - Slapshot by Darren Raddysh.
12:16 of 3rd period - Shot Blocked by Louis Crevier.
12:26 of 3rd period - Alexander Nylander is hit by Filip Cederqvist and loses puck.
12:43 of 3rd period - Mattias Norlinder is hit by Henry Rybinski and loses puck.
13:18 of 3rd period - Slapshot by Juuso Parssinen.
13:18 of 3rd period - Shot Blocked by Chris Tierney.
13:20 of 3rd period - Wrist shot by Nils Aman.
13:20 of 3rd period - Stopped by Arvid Soderblom with a rebound.
13:22 of 3rd period - Wrist shot by Nils Aman.
13:22 of 3rd period - Shot Misses the Net.
13:24 of 3rd period - Wrist shot by William Borgen.
13:24 of 3rd period - Shot Blocked by Chris Tierney.
13:38 of 3rd period - Snap shot by Jaret Anderson-Dolan.
13:38 of 3rd period - Stopped by Arvid Soderblom with a rebound.
13:40 of 3rd period - Snap shot by Egor Afanasyev.
13:40 of 3rd period - Stopped by Arvid Soderblom without a rebound.
13:41 of 3rd period - Jaret Anderson-Dolan wins face-off versus Philipp Kurashev in Havana Tropicals zone.
13:44 of 3rd period - Wrist shot by Jaret Anderson-Dolan.
13:44 of 3rd period - Stopped by Arvid Soderblom with a rebound.
13:50 of 3rd period - Slapshot by Philipp Kurashev.
13:50 of 3rd period - Shot Blocked by Pontus Holmberg.
13:52 of 3rd period - Slapshot by Teddy Blueger.
13:52 of 3rd period - Stopped by Taylor Gauthier without a rebound.
13:53 of 3rd period - Henry Rybinski wins face-off versus Philipp Kurashev in Fort Wayne Komets zone.
14:16 of 3rd period - Minor Penalty to Tim Berni for Roughing.
14:17 of 3rd period - Emil Bemstrom wins face-off versus Jack McBain in Fort Wayne Komets zone.
14:41 of 3rd period - Icing by Emil Bemstrom.
14:42 of 3rd period - Jack McBain wins face-off versus Emil Bemstrom in Havana Tropicals zone.
14:53 of 3rd period - Snap shot by Philipp Kurashev.
14:53 of 3rd period - Shot Misses the Net.
14:55 of 3rd period - Wrist shot by Teddy Blueger.
14:55 of 3rd period - Shot Misses the Net.
14:57 of 3rd period - Wrist shot by Teddy Blueger.
14:57 of 3rd period - Shot Blocked by Nils Aman.
15:19 of 3rd period - Snap shot by Philipp Kurashev.
15:19 of 3rd period - Shot Blocked by William Borgen.
15:21 of 3rd period - Slapshot by Timothy Liljegren.
15:21 of 3rd period - Stopped by Taylor Gauthier with a rebound.
15:23 of 3rd period - Slapshot by Zach Whitecloud.
15:23 of 3rd period - Shot Blocked by Nick Blankenburg.
15:25 of 3rd period - Wrist shot by Teddy Blueger.
15:25 of 3rd period - Stopped by Taylor Gauthier without a rebound.
15:26 of 3rd period - Nils Aman wins face-off versus Pierre-edouard Bellemare in Fort Wayne Komets zone.
15:26 of 3rd period - Nils Aman is hit by Pierre-edouard Bellemare.
15:33 of 3rd period - Icing by Darren Raddysh.
15:34 of 3rd period - Nils Aman wins face-off versus Pierre-edouard Bellemare in Havana Tropicals zone.
15:41 of 3rd period - Wrist shot by Darren Raddysh.
15:41 of 3rd period - Stopped by Taylor Gauthier with a rebound.
15:43 of 3rd period - Snap shot by Pierre-edouard Bellemare.
15:43 of 3rd period - Shot Misses the Net.
16:03 of 3rd period - Off-side.
16:04 of 3rd period - Philipp Kurashev wins face-off versus Jack McBain in neutral zone.
16:11 of 3rd period - Snap shot by Emil Bemstrom.
16:11 of 3rd period - Shot Blocked by Casey Fitzgerald.
16:16 of 3rd period - Penalty to Tim Berni is over, Tim Berni is back on ice.
16:49 of 3rd period - Snap shot by Alex Steeves.
16:49 of 3rd period - Stopped by Arvid Soderblom without a rebound.
16:50 of 3rd period - Juuso Parssinen wins face-off versus Milan Lucic in Havana Tropicals zone.
17:22 of 3rd period - Darren Raddysh is hit by Nick Blankenburg and loses puck.
18:04 of 3rd period - Slapshot by Pontus Holmberg.
18:04 of 3rd period - Deflect By Jaret Anderson-Dolan.
18:04 of 3rd period - Stopped by Arvid Soderblom without a rebound.
18:05 of 3rd period - Alexander Nylander wins face-off versus Brandon Duhaime in Havana Tropicals zone.
18:14 of 3rd period - Slapshot by Brandon Duhaime.
18:14 of 3rd period - Shot Misses the Net.
18:16 of 3rd period - Snap shot by Brandon Duhaime.
18:16 of 3rd period - Shot Blocked by Alexander Nylander.
18:18 of 3rd period - Backhand shot by Jack McBain.
18:18 of 3rd period - Deflect By Brandon Duhaime.
18:18 of 3rd period - Stopped by Arvid Soderblom with a rebound.
18:20 of 3rd period - Snap shot by Brandon Duhaime.
18:20 of 3rd period - Shot Blocked by Pavel Dorofeyev.
18:30 of 3rd period - Chris Tierney is hit by Egor Afanasyev.
18:34 of 3rd period - Snap shot by Samuel Blais.
18:34 of 3rd period - Stopped by Taylor Gauthier without a rebound.
18:35 of 3rd period - Pontus Holmberg wins face-off versus Pierre-edouard Bellemare in Fort Wayne Komets zone.
18:37 of 3rd period - Icing by Tim Berni.
18:38 of 3rd period - Chris Tierney wins face-off versus Pontus Holmberg in Fort Wayne Komets zone.
18:39 of 3rd period - Snap shot by Philipp Kurashev.
18:39 of 3rd period - Stopped by Taylor Gauthier without a rebound.
18:40 of 3rd period - Chris Tierney wins face-off versus Pontus Holmberg in Fort Wayne Komets zone.
18:45 of 3rd period - Snap shot by Chris Tierney.
18:45 of 3rd period - Shot Blocked by Pontus Holmberg.
18:47 of 3rd period - Slapshot by Zach Whitecloud.
18:47 of 3rd period - Stopped by Taylor Gauthier with a rebound.
18:49 of 3rd period - Snap shot by Chris Tierney.
18:49 of 3rd period - Stopped by Taylor Gauthier with a rebound.
18:52 of 3rd period - Icing by Tim Berni.
18:53 of 3rd period - Pontus Holmberg wins face-off versus Chris Tierney in Fort Wayne Komets zone.
19:20 of 3rd period - Brandon Duhaime is hit by Alexander Nylander and loses puck.
19:29 of 3rd period - Snap shot by Jack McBain.
19:29 of 3rd period - Stopped by Arvid Soderblom with a rebound.
Goals for this period are 1 for Fort Wayne Komets vs 1 for Havana Tropicals.
Shots for this period are 13 for Fort Wayne Komets vs 22 for Havana Tropicals.
Back to the Top